 Dungeon Crawl Stone Soup version 0.18.1-50-g88ac8fd (webtiles) character file.

72 RudyRod the Skirmisher (level 4, -4/44 HPs)
             Began as a Naga Fighter on Oct 17, 2016.
             Slain by a gnoll
             ... wielding a +0 halberd
              (11 damage)
             ... on level 2 of the Dungeon.
             The game lasted 00:07:25 (1371 turns).

RudyRod the Skirmisher (Naga Fighter)               Turns: 1371, Time: 00:07:26

Health: -4/44      AC:  5    Str: 24    XL:     4   Next: 25%
Magic:  4/4        EV:  6    Int:  8    God:
Gold:   52         SH:  9    Dex: 11    Spells: 0 memorised, 3 levels left

rFire  . . .     SeeInvis +     a - +1 trident
rCold  . . .     Gourm    .     b - +0 scale mail
rNeg   . . .     Faith    .     c - +0 shield
rPois  +         Spirit   .     (no helmet)
rElec  .         Dismiss  .     (no cloak)
rCorr  .         Reflect  .     (no gloves)
SustAt .         Harm     .     (no barding)
MR     .....                    (no amulet)
Stlth  +.........               (no ring)
                                (no ring)

@: mighty, very slow, not resistant to hostile enchantments, very unstealthy
A: see invisible, deformed body, poison resistance, slowness 2, slow metabolism
1, spit poison 2, AC +1
a: Spit Poison


You were on level 2 of the Dungeon.
You were not hungry.

You visited 1 branch of the dungeon, and saw 2 of its levels.

You collected 52 gold pieces.

Inventory:

Hand Weapons
 a - a +1 trident (weapon)
Armour
 b - a +0 scale mail (worn)
 c - a +0 shield (worn)
Scrolls
 e - 2 scrolls of identify
 i - 3 scrolls of teleportation {unknown}
 j - a scroll of noise {unknown}
 k - 2 scrolls of remove curse
Potions
 d - 2 potions of might
 g - a potion of agility {unknown}
 m - a potion of mutation {unknown}
 n - a potion of berserk rage {unknown}
Comestibles
 f - a bread ration
 h - 3 chunks of flesh
 l - a meat ration


   Skills:
 + Level 3.7 Fighting
 + Level 2.3 Polearms
 + Level 2.7 Armour
 * Level 0.5 Dodging
 * Level 1.9 Stealth
 + Level 2.8 Shields


You had 3 spell levels left.
You didn't know any spells.

Dungeon Overview and Level Annotations

Branches:
Dungeon (2/15)

Altars:
Gozag

Shops:
D:2 *


Innate Abilities, Weirdness & Mutations

You cannot wear boots.
Your serpentine skin is tough (AC +1).
You have supernaturally acute eyesight.
Armour fits poorly on your strangely shaped body.
Your system is resistant to poisons.
You cover ground very slowly.
You have a slow metabolism.
You can spit poison.


Message History

Press: ? - help, Dir - move target cursor, f/p - gnoll
Aim: a gnoll, wielding a halberd You reach to attack!
You barely miss the gnoll.
The gnoll hits you from afar with a halberd! x2
* * * LOW HITPOINT WARNING * * *
Attack whom?
Press: ? - help, Dir - move target cursor, f/p - gnoll
Aim: a gnoll, wielding a halberd You reach to attack!
You hit the gnoll.
The gnoll is heavily wounded.
You have got your breath back.
You block the gnoll's attack. The gnoll hits you but does no damage.
Attack whom?
Press: ? - help, Dir - move target cursor, f/p - gnoll
Aim: a gnoll, wielding a halberd (heavily wounded)
You reach to attack!
You closely miss the gnoll.
The gnoll is heavily wounded.
You block the gnoll's attack.
The gnoll hits you from afar with a halberd!
You die...

# ##...(.....###.####### #
#).....##### #.# # #.###### #.#
# #.# ##+## # #.# ##...## . #
#.#### ##.....## ##.g # #.##.##
##.......## .....
####.#...####.........####.>.##
............'.).@.g...'.......#
####.#.<.####.....g...####...##
# #...#.## ##.......## .## #
#...### ##.(...## # # #...#
##...## # ###.# ##+## # #.# # #


You could see 2 gnolls.

Vanquished Creatures
  An adder (D:2)
  A gnoll (D:2)
  An ooze (D:2)
  2 worms (D:2)
  2 dart slugs (D:1)
  A giant gecko (D:1)
  A bat (D:2)
  2 giant cockroaches (D:2)
  6 goblins
  4 hobgoblins
  4 jackals (D:1)
  5 kobolds
  A giant newt (D:1)
  5 rats
36 creatures vanquished.

Notes
Turn   | Place    | Note
--------------------------------------------------------------
     0 | D:1      | RudyRod the Naga Fighter began the quest for the Orb.
     0 | D:1      | Reached XP level 1. HP: 21/21 MP: 1/1
    25 | D:1      | Reached XP level 2. HP: 13/28 MP: 2/2
   504 | D:1      | Reached XP level 3. HP: 30/34 MP: 3/3
   871 | D:2      | Reached skill level 1 in Stealth
  1100 | D:2      | Reached XP level 4. HP: 39/43 MP: 4/4
  1121 | D:2      | Found an opulent altar of Gozag.
  1170 | D:2      | Found Gozag's Platinum Reserve.
  1371 | D:2      | Slain by a gnoll

Skill      XL: |  1  2  3 |
---------------+----------+-----
Stealth        | 1 |  1.9
Fighting       | |  3.7
Polearms       | |  2.3
Armour         | |  2.7
Dodging        | |  0.5
Shields        | |  2.8

Action                   |  1- 3 |  4- 6 || total
-------------------------+-------+-------++-------
Melee: Trident           |    61 |    13 ||    74
 Abil: Spit Poison       |    21 |     8 ||    29
  Use: Scroll            |     5 |       ||     5
       Potion            |       |     1 ||     1
  Eat: Chunk             |     1 |     2 ||     3
Armor: Scale mail        |    16 |     3 ||    19
Dodge: Dodged            |     9 |     1 ||    10
Block: Shield            |    24 |    11 ||    35
